 Dungeon Crawl Stone Soup version 0.28.0-43-g3370ac3207 (webtiles) character file.

Game seed: 9038125792355386430

4360 safid the Severer (level 10, -1/76 (86) HPs)
             Began as a Hill Orc Fighter on Mar 16, 2022.
             Was a Believer of Beogh.
             Slain by a hellwing (2 damage)
             ... summoned by a kobold demonologist
             ... on level 8 of the Dungeon.
             The game lasted 00:13:33 (5658 turns).

safid the Severer (Hill Orc Fighter)                Turns: 5658, Time: 00:13:35

HP:   -1/76 (86)    AC:  4    Str: 24    XL:     10   Next: 34%
MP:   10/10         EV:  6    Int:  8    God:    Beogh [**....]
Gold: 166           SH:  4    Dex: 10    Spells: 9/9 levels left

rFire   . . .      SeeInvis .   s - +1 war axe (vamp)
rCold   . . .      Faith    .   c - +0 buckler
rNeg    . . .      Spirit   .   K - +0 plate armour
rPois   +          Reflect  .   t - +0 helmet
rElec   .          Harm     .   (no cloak)
rCorr   .          Rampage  .   g - +1 Delatra's gloves {ID++}
Will    .....                   (no boots)
Stlth   ..........              f - amulet of regeneration
HPRegen 1.02/turn               a - ring of poison resistance
MPRegen 0.12/turn               (no ring)

@: lethally poisoned (-1 -> -2), corroded, heavily drained
A: no striking features
a: Renounce Religion, Smiting


You were on level 8 of the Dungeon.
You worshipped Beogh.
Beogh was pleased with you.
You visited 1 branch of the dungeon, and saw 8 of its levels.

You collected 507 gold pieces.
You spent 341 gold pieces at shops.

Inventory:

Hand Weapons
 s - a +1 vampiric war axe (weapon)
Missiles
 j - 6 poisoned darts (quivered)
Armour
 c - a +0 buckler (worn)
 g - the +1 Delatra's gloves (worn) {ID++}
   (You found it on level 3 of the Dungeon)

   It heals its wearer when they drink unknown potions.
   It restores its wearer's MP when they read unknown scrolls.
 t - a +0 helmet (worn)
 K - a +0 plate armour (worn)
Jewellery
 a - a ring of poison resistance (left hand)
 f - an amulet of regeneration (around neck)
Wands
 e - a wand of polymorph (34)
 h - a wand of acid (19)
 q - a wand of iceblast (6)
 w - a wand of flame (14)
 y - a wand of mindburst (19)
Scrolls
 b - 3 scrolls of torment
 l - a scroll of silence
 m - 2 scrolls of holy word
 p - a scroll of vulnerability
 r - a scroll of fog
 u - a scroll of teleportation {unknown}
 v - a scroll of enchant armour {unknown}
 x - a scroll of amnesia {unknown}
 I - a scroll of immolation {unknown}
 J - a scroll of blinking {unknown}
 L - a scroll of enchant weapon {unknown}
 M - a scroll of noise {unknown}
Potions
 d - 2 potions of might
 i - a potion of mutation {unknown}
 k - a potion of brilliance {unknown}
 o - 2 potions of curing
 z - a potion of invisibility
 A - 3 potions of lignification
 B - a potion of magic {unknown}
 C - a potion of attraction {unknown}
 D - a potion of cancellation
 E - a potion of resistance
 F - a potion of ambrosia
 G - a potion of berserk rage
 H - a potion of flight
 N - a potion of haste {unknown}


   Skills:
 + Level 7.3 Fighting
 - Level 16.0 Axes
 + Level 6.9 Armour
 - Level 4.0 Shields


You had 9 spell levels left.
You didn't know any spells.
Your spell library contained the following spells:

 Spells                   Type           Power      Damage    Failure   Level
 Sandblast                Erth           0%         2d4       100%        1
 Passwall                 Tmut/Erth      0%         N/A       100%        2
 Conjure Flame            Conj/Fire      0%         6-21      100%        3
 Ignite Poison            Fire/Tmut/Pois 0%         N/A       100%        3
 Ozocubu's Armour         Ice            0%         N/A       100%        3
 Stone Arrow              Conj/Erth      0%         3d7       100%        3
 Sticky Flame             Conj/Fire      0%         2d3       100%        4
 Metabolic Englaciation   Hex/Ice        0%         N/A       100%        5
 Simulacrum               Ice/Necr       0%         N/A       100%        6


Dungeon Overview and Level Annotations

Branches:
Dungeon (8/15)             Temple (0/1) D:7
   Lair: D:8-11

Altars:
Cheibriados
Hepliaklqana
Qazlal
Sif Muna
Uskayaw
Yredelemnul
The Shining One

Shops:
D:6 !


Message History

The kobold brigand hits you with a +0 dagger.
Aiming: Corrosive Bolt
Press: ? - help, Shift-Dir - straight line, f - kobold demonologist
Aim: a kobold demonologist, wielding a +2 dagger of draining and wearing a +0 robe (heavily wounded, 60% to hit)
The bolt of acid hits the kobold demonologist!
The acid corrodes the kobold demonologist!
The kobold demonologist is almost dead.
You feel sick. The orange demon stings you from afar.
The hellwing completely misses you. The hellwing hits you!
The kobold demonologist miscasts a cantrip.
The howler monkey zombie hits you.
The orange demon stings you but does no damage.
The kobold brigand barely misses you.
You barely miss the kobold demonologist.
The kobold demonologist is almost dead.
You barely miss the howler monkey zombie.
You closely miss the kobold brigand. You hit the hellwing but do no damage.
You feel sick. The orange demon stings you from afar.
* * * LOW HITPOINT WARNING * * *
The kobold demonologist hits you with a +2 dagger of draining.
* * * LOW HITPOINT WARNING * * *
You feel drained.
* * * LOW HITPOINT WARNING * * *
The hellwing hits you.
* * * LOW HITPOINT WARNING * * *
The hellwing hits you!
* * * LOW HITPOINT WARNING * * *
You feel much better.
You feel sick. The orange demon stings you from afar!
* * * LOW HITPOINT WARNING * * *
The howler monkey zombie hits you but does no damage.
The kobold brigand hits you with a +0 dagger.
* * * LOW HITPOINT WARNING * * *
The orange demon stings you from afar.
* * * LOW HITPOINT WARNING * * *
The kobold demonologist hits you with a +2 dagger of draining.
* * * LOW HITPOINT WARNING * * *
You feel drained.
* * * LOW HITPOINT WARNING * * *
The hellwing hits you.
You die...

#.###.#.<.........###### #.#
#.#.....####.......#
#.###.#......#<#..####.#
#...#.#..#.#.#....####.####
######.#.#.##.#.###>.........###.
..............#.###....##.##.....
.#######.#..###.#.........##..##.
.# #.#..#...#K#..#.#####..# .#
#.#.##.#)@Z4......[....# .#
#........4K......####.## .#
#........4.###.#.# #..#
.################## #.#.# ##.#
............### ...#####.###
..........[.'_# .#......)..>
#...........### ..#####.##.
############# #..#. ##...


You could see 2 orange demons, a hellwing (summoned), a kobold demonologist
(corroded), a kobold brigand and a howler monkey zombie.

Vanquished Creatures
  Pikel (D:5)
  2 kobold demonologists (D:8)
  2 steam dragons
  A water moccasin (D:6)
  Duvessa (D:5)
  An orc warrior (D:7)
  A sky beast (D:6)
  An ice beast (D:7)
  3 black bears
  3 ogres
  A necrophage (D:6)
  5 centaurs
  A phantom (D:5)
  2 kobold brigands
  4 bullfrogs
  Dowan (D:5)
  A water moccasin skeleton (D:5)
  2 howler monkeys
  A bullfrog zombie (D:6)
  3 orc priests
  4 hounds
  Jessica (D:2)
  5 iguanas
  Ijyb (D:5)
  11 orc wizards
  Robin (D:2)
  A howler monkey skeleton (D:7)
  9 adders
  A shadow imp (D:7)
  An ufetubus (D:6)
  2 worms
  2 dart slugs
  36 orcs
  6 endoplasms
  7 goblins
  20 hobgoblins
  3 jackals (D:1)
  9 kobolds
  4 quokkas
  6 ball pythons
  6 bats
  3 frilled lizards
  4 rats
180 creatures vanquished.

Vanquished Creatures (others)
  An orc wizard (D:5)
  An orc (D:5)
2 creatures vanquished.

Grand Total: 182 creatures vanquished

Notes
Turn   | Place    | Note
-------+----------+-------------------------------------------
     0 | D:1      | safid the Hill Orc Fighter began the quest for the Orb.
     0 | D:1      | Reached XP level 1. HP: 19/19 MP: 1/1
   233 | D:1      | Reached XP level 2. HP: 24/27 MP: 2/2
   235 | D:1      | Reached skill level 3 in Axes
   328 | D:1      | Found a faded altar of an unknown god.
   569 | D:1      | Reached XP level 3. HP: 33/33 MP: 3/3
   705 | D:2      | Noticed Robin
   716 | D:2      | Killed Robin
   717 | D:2      | Reached XP level 4. HP: 30/40 MP: 4/4
   804 | D:2      | Reached skill level 4 in Axes
  1137 | D:2      | Noticed Jessica
  1145 | D:2      | Killed Jessica
  1146 | D:2      | Reached skill level 5 in Axes
  1146 | D:2      | Reached XP level 5. HP: 46/46 MP: 5/5
  1654 | D:3      | Found the +1 Delatra's gloves {ID++}
  1809 | D:3      | Reached skill level 6 in Axes
  1870 | D:3      | Found a basalt altar of Yredelemnul.
  1870 | D:3      | Found a hide-covered altar of Uskayaw.
  1873 | D:3      | Found a glowing golden altar of the Shining One.
  1874 | D:3      | Found a hazy altar of Hepliaklqana.
  1924 | D:3      | Reached XP level 6. HP: 52/52 MP: 6/6
  2082 | D:4      | Noticed a black bear
  2090 | D:4      | Killed a black bear
  2091 | D:4      | Reached skill level 7 in Axes
  2096 | D:4      | Reached skill level 8 in Axes
  2253 | D:4      | Noticed a black bear
  2266 | D:4      | Killed a black bear
  2267 | D:4      | Reached XP level 7. HP: 58/59 MP: 7/7
  2569 | D:4      | Found a snail-covered altar of Cheibriados.
  2630 | D:5      | Entered Level 5 of the Dungeon
  2653 | D:5      | Reached skill level 9 in Axes
  2675 | D:5      | Reached skill level 10 in Axes
  2815 | D:5      | Reached skill level 11 in Axes
  2815 | D:5      | Reached XP level 8. HP: 49/66 MP: 8/8
  2918 | D:5      | Noticed Pikel
  2934 | D:5      | Killed Pikel
  2935 | D:5      | Reached skill level 13 in Axes
  2938 | D:5      | Noticed Ijyb
  2963 | D:5      | Killed Ijyb
  3137 | D:5      | Reached XP level 9. HP: 71/71 MP: 9/9
  3138 | D:5      | Reached skill level 14 in Axes
  3141 | D:5      | Became a worshipper of Beogh the Brigand
  3165 | D:5      | Noticed Dowan
  3170 | D:5      | Noticed Duvessa
  3172 | D:5      | Killed Dowan
  3192 | D:5      | Killed Duvessa
  3968 | D:6      | Found Wakhats's Distillery.
  3976 | D:6      | Bought a potion of cancellation for 88 gold pieces
  3976 | D:6      | Bought a potion of resistance for 110 gold pieces
  3976 | D:6      | Bought a potion of ambrosia for 88 gold pieces
  3976 | D:6      | Bought a potion of berserk rage for 55 gold pieces
  3988 | D:6      | Found a stormy altar of Qazlal.
  4004 | D:6      | Reached skill level 15 in Axes
  4675 | D:7      | Reached * piety under Beogh
  4676 | D:7      | Reached skill level 16 in Axes
  4725 | D:7      | Found a staircase to the Ecumenical Temple.
  4906 | D:7      | Reached skill level 5 in Fighting
  5248 | D:7      | Reached skill level 5 in Armour
  5269 | D:7      | Reached XP level 10. HP: 83/83 MP: 10/10
  5579 | D:8      | Found a shimmering blue altar of Sif Muna.
  5614 | D:8      | Noticed a kobold demonologist
  5623 | D:8      | Noticed a kobold demonologist
  5629 | D:8      | Noticed a kobold demonologist
  5631 | D:8      | Noticed a rust devil
  5638 | D:8      | Killed a kobold demonologist
  5638 | D:8      | Reached ** piety under Beogh
  5640 | D:8      | Killed a kobold demonologist
  5647 | D:8      | Noticed an orange demon
  5649 | D:8      | Noticed an orange demon
  5658 | D:8      | HP: 2/77 [kobold demonologist/+2 dagger of draining (2)]
  5658 | D:8      | Slain by a hellwing

Illustrated notes

Levels and vault maps discovered:
D:1:      dpeg_arrival_round_a, layout_rooms, hellmonk_ecumenical_altar_lost_god
D:2:      layout_basic, grunt_decor_cap, uniq_robin, uniq_jessica
D:3:      layout_rooms, minitemple, pf_guarded_unrand_delatra
D:4:      layout_loops_ring, lemuel_coloured_pillars_altar
D:5:      layout_loops_ring, uniq_pikel, uniq_ijyb, uniq_duvessa
D:6:      layout_loops_corners, mainiacjoe_overflow_tiny_flanked, serial_shops,
          nicolae_shop_temple_entry_statues_fountains
D:7:      layout_basic, minmay_temple_entry_proselytizer
D:8:      layout_basic, lemuel_blue_sif_altar, hangedman_ru_absence,
          david_lair_shrubbed, serial_shops, shop

Skill      XL: |  1  2  3  4  5  6  7  8  9 10 |
---------------+-------------------------------+-----
Axes           | 3 5 6 8 11 13 16 | 16.0
Fighting       | 4 5 7 |  7.3
Shields        | 4 |  4.0
Armour         | 4 5 6 |  6.9

Action                   |  1- 3 |  4- 6 |  7- 9 | 10-12 || total
-------------------------+-------+-------+-------+-------++-------
Melee: War axe           |    72 |   138 |   341 |    71 ||   622
       Unarmed           |       |       |     3 |       ||     3
Invok: Convert to Beogh  |       |       |     1 |       ||     1
Evoke: Wand              |       |       |       |     1 ||     1
  Use: Potion            |       |     2 |       |     3 ||     5
       Scroll            |       |     6 |       |     1 ||     7
Armor: Scale mail        |     7 |       |       |       ||     7
       Chain mail        |    32 |    88 |   169 |       ||   289
       Skin              |       |    21 |     4 |       ||    25
       Plate armour      |       |       |       |    61 ||    61
Dodge: Dodged            |    31 |    53 |   102 |    32 ||   218
Block: Buckler           |    18 |    34 |    67 |    13 ||   132
